 Dungeon Crawl Stone Soup version 0.30.1 (webtiles) character file.

Game seed: 17751676266681816146

770 jtron the Protected (level 7, -6/56 HPs)
             Began as a Gnoll Wanderer on July 4, 2023.
             Was an Initiate of Okawaru.
             Mangled by a black bear (11 damage)
             ... on level 5 of the Dungeon.
             The game lasted 00:08:15 (4583 turns).

jtron the Protected (Gnoll Wanderer)                Turns: 4583, Time: 00:08:16

Health: -6/56      AC:  8    Str: 13    XL:     7   Next: 83%
Magic:  11/11      EV: 11    Int: 10    God:    Okawaru [......]
Gold:   353        SH:  0    Dex: 13    Spells: 11/11 levels left

rFire   + . .        a - +3 falchion
rCold   . . .        (no shield)
rNeg    + . .        z - +0 ring mail
rPois   .            (no helmet)
rElec   .            (no cloak)
rCorr   .            b - +0 pair of gloves
SInv    +            (no boots)
Will    .....        (no amulet)
Stlth   ++           w - ring of protection from fire
HPRegen 0.29/turn    x - ring of Ashenzari's Regard {rN+ SInv}
MPRegen 0.12/turn

%: no passive effects
@: mighty
A: fangs 1, strong nose, distributed training
a: Renounce Religion


You were on level 5 of the Dungeon.
You worshipped Okawaru.
Okawaru was noncommittal.
You visited 2 branches of the dungeon, and saw 6 of its levels.

You collected 353 gold pieces.

Inventory:

Hand Weapons
 a - a +3 falchion (weapon)
Missiles
 e - 44 stones (quivered)
 f - 2 boomerangs
 m - 4 atropa-tipped darts
Armour
 b - a +0 pair of gloves (worn)
 z - a +0 ring mail (worn)
Magical Staves
 k - a staff of conjuration
Jewellery
 w - a ring of protection from fire (left hand)
 x - the ring of Ashenzari's Regard (right hand) {rN+ SInv}
   (You found it on level 4 of the Dungeon)

   [ring of see invisible]

   rN:        It protects you from negative energy.
   SInv:      It lets you see invisible.
Scrolls
 g - 2 scrolls of vulnerability
 j - a scroll of poison
 q - a scroll of noise {unknown}
 s - a scroll of enchant armour {unknown}
 u - 2 scrolls of brand weapon {unknown}
 v - a scroll of summoning {unknown}
Potions
 h - a potion of berserk rage {unknown}
 i - a potion of brilliance {unknown}
 l - 3 potions of flight
 n - a potion of mutation {unknown}
 p - 3 potions of magic
 t - 2 potions of haste {unknown}
Miscellaneous
 r - a piece from Xom's chessboard (15/15)


   Skills:
 + Level 5.4 Fighting
 + Level 2.8 Short Blades
 + Level 5.4 Long Blades
 + Level 2.8 Axes
 + Level 2.8 Maces & Flails
 + Level 2.8 Polearms
 + Level 2.8 Staves
 + Level 2.8 Ranged Weapons
 + Level 2.8 Throwing
 + Level 9.0 Armour
 + Level 2.8 Dodging
 + Level 5.1 Stealth
 + Level 2.8 Shields
 + Level 2.8 Unarmed Combat
 + Level 2.8 Spellcasting
 + Level 2.3 Conjurations
 + Level 2.3 Hexes
 + Level 2.3 Summonings
 + Level 2.3 Necromancy
 + Level 2.3 Translocations
 + Level 2.3 Transmutations
 + Level 2.3 Fire Magic
 + Level 2.3 Ice Magic
 + Level 2.3 Air Magic
 + Level 2.3 Earth Magic
 + Level 2.3 Poison Magic
 + Level 3.1 Invocations
 + Level 2.8 Evocations


You had 11 spell levels left.
You didn't know any spells.
Your spell library contained the following spells:

 Spells                   Type           Power      Damage    Failure   Level
 Dazzling Flash           Conj/Hex       12%        N/A       52%         3
 Volatile Blastmotes      Fire/Tloc      12%        2d11      52%         3
 Iskenderun's Mystic Bla  Conj/Tloc      6%         2d4       90%         4
 Starburst                Conj/Fire      3%         6d3       100%        6


Dungeon Overview and Level Annotations

Branches:
Dungeon (5/15)             Temple (1/1) D:4

Altars:
Ashenzari
Hepliaklqana
Makhleb
Okawaru
Ru
Sif Muna
Trog
Uskayaw
Vehumet
Xom
Yredelemnul
Zin

Annotations:
D:4 2 runed translucent doors
Temple Grinder


Innate Abilities, Weirdness & Mutations

You have very sharp teeth.
Your uncanny sense of smell can sniff out nearby items.
Your experience applies equally to all skills.


Message History

The black bear closely misses you. The black bear misses you.
The black bear closely misses you.
You closely miss the black bear. Your bite misses the black bear.
The black bear is heavily wounded.
The black bear bites you. The black bear misses you.
The black bear claws you but does no damage.
You hit the black bear. Your punch misses the black bear.
The black bear is heavily wounded.
The black bear misses you.
The black bear claws you but does no damage. x2
You hit the black bear but do no damage.
You bite the black bear, but do no damage.
The black bear is heavily wounded.
The black bear bites you.
The black bear claws you but does no damage.
The black bear barely misses you.
You slash the black bear!
The black bear is almost dead.
The black bear goes berserk!
You hit the black bear.
The black bear is almost dead.
The black bear bites you. The black bear closely misses you.
The black bear claws you.
You barely miss the black bear.
The black bear is almost dead.
The black bear closely misses you. The black bear claws you.
The black bear completely misses you. The black bear bites you!
The black bear claws you. x2
* * * LOW HITPOINT WARNING * * *
You hit the black bear.
The black bear is almost dead.
The black bear bites you!
* * * LOW HITPOINT WARNING * * *
The black bear claws you but does no damage.
The black bear barely misses you.
You feel very mighty all of a sudden.
The black bear bites you but does no damage.
The black bear claws you but does no damage.
The black bear barely misses you. The black bear bites you!
You die...

#.$.. #### ..... +...
#..... ....# #..... ...##
#.....###...##
............# #.).).#..#
#.h@..##.## .#.).).#...#
#............#
##...###...#.#
##...#...##.#
##.....###.###
............#
#######################.##
..)...............#####.#


You could see a black bear (berserk).

Vanquished Creatures
  An orc warrior (D:4)
  A black bear (D:4)
  2 ogres (D:4)
  2 hounds (D:4)
  2 orc priests
  Ijyb (D:4)
  An iguana (D:4)
  A sleepcap (D:4)
  2 orc wizards (D:3)
  A gnoll (D:4)
  5 adders
  7 worms
  A dart slug (D:2)
  16 orcs
  10 ball pythons
  10 endoplasms
  A giant cockroach (D:4)
  5 goblins
  5 hobgoblins
  7 jackals (D:3)
  4 kobolds
  2 quokkas (D:2)
  2 bats
  8 frilled lizards
  3 rats
100 creatures vanquished.

Vanquished Creatures (collateral kills)
  A giant cockroach (D:4)
1 creature vanquished.

Grand Total: 101 creatures vanquished

Notes
Turn   | Place    | Note
-------+----------+-------------------------------------------
     0 | D:1      | jtron the Gnoll Wanderer began the quest for the Orb.
     0 | D:1      | jtron set off with the following items: a +3 falchion, a +0
                  | pair of gloves, a potion of might, a +0 leather armour.
     0 | D:1      | Reached XP level 1. HP: 20/20 MP: 1/1
    95 | D:1      | Reached XP level 2. HP: 26/26 MP: 2/2
   607 | D:1      | Reached XP level 3. HP: 31/31 MP: 3/3
   935 | D:2      | Reached skill level 1 in Invocations
  1648 | D:3      | Reached skill level 1 in Short Blades
  1648 | D:3      | Reached skill level 1 in Axes
  1648 | D:3      | Reached skill level 1 in Maces & Flails
  1648 | D:3      | Reached skill level 1 in Polearms
  1648 | D:3      | Reached skill level 1 in Staves
  1648 | D:3      | Reached skill level 1 in Ranged Weapons
  1648 | D:3      | Reached skill level 1 in Throwing
  1648 | D:3      | Reached skill level 1 in Dodging
  1648 | D:3      | Reached skill level 1 in Shields
  1648 | D:3      | Reached skill level 1 in Unarmed Combat
  1648 | D:3      | Reached skill level 1 in Spellcasting
  1648 | D:3      | Reached skill level 1 in Evocations
  1788 | D:3      | Reached XP level 4. HP: 38/38 MP: 5/5
  2134 | D:3      | Reached skill level 1 in Conjurations
  2134 | D:3      | Reached skill level 1 in Hexes
  2134 | D:3      | Reached skill level 1 in Summonings
  2134 | D:3      | Reached skill level 1 in Necromancy
  2134 | D:3      | Reached skill level 1 in Translocations
  2134 | D:3      | Reached skill level 1 in Transmutations
  2134 | D:3      | Reached skill level 1 in Fire Magic
  2134 | D:3      | Reached skill level 1 in Ice Magic
  2134 | D:3      | Reached skill level 1 in Air Magic
  2134 | D:3      | Reached skill level 1 in Earth Magic
  2134 | D:3      | Reached skill level 1 in Poison Magic
  2142 | D:3      | Reached XP level 5. HP: 22/43 MP: 5/7
  2494 | D:3      | Found a shimmering altar of Xom.
  2874 | D:4      | Found a large runed translucent door.
  2874 | D:4      | Found a large runed translucent door.
  2885 | D:4      | Noticed Ijyb
  2913 | D:4      | Killed Ijyb
  2988 | D:4      | Found a large runed translucent door.
  2988 | D:4      | Found a large runed translucent door.
  3005 | D:4      | Reached XP level 6. HP: 43/50 MP: 8/8
  3054 | D:4      | Reached skill level 5 in Fighting
  3054 | D:4      | Reached skill level 5 in Long Blades
  3132 | D:4      | Noticed Grinder
  3451 | D:4      | Reached XP level 7. HP: 26/56 MP: 10/10
  3653 | D:4      | Found a staircase to the Ecumenical Temple.
  3671 | Temple   | Entered the Ecumenical Temple
  3818 | D:4      | Reached skill level 9 in Armour
  3818 | D:4      | Reached skill level 5 in Stealth
  4396 | D:4      | Identified the ring of Ashenzari's Regard {rN+ SInv}
  4527 | D:5      | Entered Level 5 of the Dungeon
  4559 | D:5      | Found an iron altar of Okawaru.
  4568 | D:5      | Became a worshipper of Warmaster Okawaru
  4583 | D:5      | Mangled by a black bear

Illustrated notes

Levels and vault maps discovered:
D:1:      dpeg_arrival_leaves_temple_mockup, layout_basic, nicolae_eternal_life,
          minmay_lizard_pond
D:2:      layout_basic
D:3:      minmay_bubble_buster, layout_basic, xom_butterflies,
          serial_bayou_lagoon_b
D:4:      layout_loops_ring, minmay_temple_entry_statues_fountains,
          minmay_hollow_rounded_squares, uniq_grinder, uniq_ijyb
D:5:      layout_basic, okawaru_ov_weapons_minmay, serial_shops,
          nicolae_square_shop
Temple:   nicolae_temple_two_arcs

Skill      XL: |  1  2  3  4  5  6  7 |
---------------+----------------------+-----
Invocations    | 1 2 3 |  3.1
Short Blades   | 1 2 |  2.8
Axes           | 1 2 |  2.8
Maces & Flails | 1 2 |  2.8
Polearms       | 1 2 |  2.8
Staves         | 1 2 |  2.8
Ranged Weapons | 1 2 |  2.8
Throwing       | 1 2 |  2.8
Dodging        | 1 2 |  2.8
Shields        | 1 2 |  2.8
Unarmed Combat | 1 2 |  2.8
Spellcasting   | 1 2 |  2.8
Evocations     | 1 2 |  2.8
Conjurations   | 1 2 |  2.3
Hexes          | 1 2 |  2.3
Summonings     | 1 2 |  2.3
Necromancy     | 1 2 |  2.3
Translocations | 1 2 |  2.3
Transmutations | 1 2 |  2.3
Fire Magic     | 1 2 |  2.3
Ice Magic      | 1 2 |  2.3
Air Magic      | 1 2 |  2.3
Earth Magic    | 1 2 |  2.3
Poison Magic   | 1 2 |  2.3
Fighting       | 5 |  5.4
Long Blades    | 5 |  5.4
Armour         | 9 |  9.0
Stealth        | 5 |  5.1

Action                     |  1- 3 |  4- 6 |  7- 9 || total
---------------------------+-------+-------+-------++-------
  Melee: Falchion          |    88 |   165 |    61 ||   314
         Punch             |     3 |     3 |     2 ||     8
         Bite              |     6 |    12 |    14 ||    32
  Throw: Stone             |     2 |       |       ||     2
  Evoke: Wand              |       |     1 |     2 ||     3
    Use: Scroll            |     4 |     2 |       ||     6
         Potion            |     1 |     3 |     2 ||     6
   Stab: Sleeping          |     6 |     8 |     3 ||    17
         Paralysed         |       |       |     3 ||     3
 Armour: Leather armour    |    22 |    63 |    14 ||    99
         Ring mail         |       |       |    12 ||    12
  Dodge: Dodged            |    43 |    79 |    46 ||   168
